AoeStats
← Teblu

African Clearing

510423036Analyzed
3v3 RM · 12h ago on Sep 30, 2026· 55m 32s· 6 players
Game mode
Random Map
Map size
Normal (6 player)
Population
200
Speed
Normal
Resources
Standard
Victory
Conquest
Starting age
Dark Age
Ending age
Imperial Age
RankedLock teamsTeams togetherTeam positionsShared explorationLock speedFull tech treeHidden civsTurbo modeCheats
Victory
Defeat
🇺🇸 Persians · United States
908
+12
🇺🇸 Berbers · United States
892
+13
🇺🇸 Ethiopians · United States
838
+15
🇳🇿 Poles · New Zealand
920
-17
🇦🇷 Italians · Argentina
776
-12
🇧🇷 Franks · Brazil
772
-11
DopeyCrown67
14:37 Feudal Age
14:43 Loom
20:01 Wheelbarrow
20:28 Gold Mining
23:00 Fletching
24:44 Padded Archer Armor
28:11 Castle Age
27:17 Double-Bit Axe
27:38 Fishing Lines
29:55 Town Watch
30:26 Bodkin Arrow
30:46 Leather Archer Armor
31:20 Stone Mining
33:31 Hand Cart
36:45 Town Patrol
38:48 Elite Skirmisher
41:09 Bow Saw
41:55 Gillnets
43:41 Gold Shaft Mining
42:55 Horse Collar
47:07 Imperial Age
47:05 Squires
46:59 Arson
47:59 Scale Mail Armor
48:10 Forging
50:32 Iron Casting
50:13 Chain Mail Armor
51:20 Two-Man Saw
50:57 Stone Shaft Mining
52:07 Thumb Ring
51:23 Crossbowman
Teblu
3:50 Loom
8:41 Loom
12:48 Feudal Age
15:03 Double-Bit Axe
17:38 Gold Mining
22:34 Wheelbarrow
25:19 Castle Age
24:36 Fletching
26:56 Padded Archer Armor
30:49 Bloodlines
35:08 Bodkin Arrow
35:30 Leather Archer Armor
39:37 Murder Holes
45:53 Hand Cart
48:19 Imperial Age
53:08 Elite Camel Archer
54:10 Conscription
53:53 Bracer
54:24 Ring Archer Armor
55:53 Chemistry
55:14 Ballistics
Aqua jahaan
3:55 Loom
18:06 Feudal Age
19:24 Double-Bit Axe
19:10 Man-at-Arms
23:09 Fletching
24:25 Wheelbarrow
27:07 Castle Age
26:25 Scale Barding Armor
27:03 Horse Collar
27:42 Forging
28:33 Husbandry
28:51 Heavy Plow
29:10 Bow Saw
31:19 Iron Casting
31:12 Stone Mining
31:43 Bloodlines
33:56 Chain Barding Armor
37:24 Hand Cart
37:55 Bodkin Arrow
44:51 Kamandaran
45:29 Padded Archer Armor
50:06 Imperial Age
50:06 Cavalier
51:11 Conscription
51:06 Citadels
51:54 Ballistics
52:35 Chemistry
53:03 Two-Man Saw
54:34 Plate Barding Armor
Dg
3:40 Loom
18:38 Feudal Age
19:41 Man-at-Arms
20:08 Arson
21:37 Fletching
21:58 Forging
30:49 Castle Age
31:16 Long Swordsman
32:12 Gambesons
32:31 Scale Mail Armor
33:09 Stone Mining
35:53 Iron Casting
37:22 Chain Mail Armor
39:40 Squires
39:02 Pikeman
42:36 Bodkin Arrow
49:18 Wheelbarrow
51:14 Imperial Age
52:35 Two-Handed Swordsman
53:18 Elite Skirmisher
54:44 Conscription
NZAPOC
11:10 Loom
21:36 Feudal Age
35:48 Castle Age
36:22 Town Watch
51:03 Wheelbarrow
50:12 Horse Collar
52:08 Hand Cart
52:19 Heavy Plow
52:08 Double-Bit Axe
52:10 Light Cavalry
53:01 Bloodlines
54:11 Town Patrol
54:53 Husbandry
55:05 Forging
Rodri
12:32 Feudal Age
13:57 Wheelbarrow
15:18 Fishing Lines
16:15 Double-Bit Axe
22:49 Castle Age
24:19 Stone Mining
25:07 Town Watch
28:14 Treadmill Crane
31:17 Fletching
31:59 Gillnets
33:14 Gold Mining
34:44 Bow Saw
36:32 Ballistics
36:09 Murder Holes
41:03 Imperial Age
39:29 Padded Archer Armor
39:25 Bodkin Arrow
42:07 Pikeman
45:02 Chemistry
43:53 Heated Shot
48:00 Fortified Wall
52:17 Town Patrol
52:33 Hand Cart
Connection lost

Rejoining the realm…

Still unreachable

The connection could not be restored.

Session expired

The server has moved on; the page needs a fresh start.